[ PARTIDA AOE2 · #495793895 ]
UnrankedBirmanos vs Britons
Equipo del jugador · DERR
Equipo rival · VICT
[ ANÁLISIS DE REPETICIÓN · EXTRAÍDO DE LA PARTIDA GRABADA ]
Feudal
11:23
Castillos
19:38
Imperial
31:32
| APM promedio | 36.8 |
| APM pico | 84 |
| eAPM promedio | 20.0 |
| Aldeanos / militares | 128 / 130 |
Foco
⚔️ 41.7% · 🌾 58.3%
Skirmisher ×62 · Fishing Ship ×26 · Archer ×19 · Arambai ×10 · Bombard Cannon ×8 · Demolition Raft ×7
Feudal
11:20
Castillos
15:19
Imperial
30:24
| APM promedio | 34.9 |
| APM pico | 68 |
| eAPM promedio | 24.2 |
| Aldeanos / militares | 165 / 261 |
Foco
⚔️ 30.2% · 🌾 69.8%
Archer ×173 · Scout Cavalry ×40 · Longbowman ×26 · Fishing Ship ×12 · Battering Ram ×9 · Trebuchet (Packed) ×9
Mapa de la partida
Recursos iniciales + cada clic de construcción. Líneas = muros · curvas = relieve. ◆ oro · ⬟ piedra · ● bayas · ✦ reliquia · ◌ hueco del cierre
Tu base· Abierta — flanco sin cerrar
Base de Happy :-)· Abierta — hueco de 14t
Terreno inicial suavizado · ◌ = hueco del cierre detectado · pasá el cursor para detalles
Inputs por minuto
— Ie cuack - - Happy :-)
Build order — Ie cuack
Primeras 150 de 428 acciones detectadas
| 0:01 | Crear | Villager (Male) ×4 |
| 0:04 | Construir | House |
| 0:05 | Construir | House |
| 1:44 | Crear | Villager (Male) |
| 1:54 | Construir | Lumber Camp |
| 2:06 | Crear | Villager (Male) |
| 2:35 | Crear | Villager (Male) |
| 3:01 | Crear | Villager (Male) |
| 3:27 | Crear | Villager (Male) |
| 3:41 | Construir | House |
| 3:42 | Construir | Palisade Wall |
| 3:51 | Crear | Villager (Male) |
| 4:14 | Crear | Villager (Male) |
| 4:25 | Construir | Dock |
| 4:40 | Crear | Villager (Male) |
| 5:11 | Crear | Villager (Male) |
| 5:13 | Crear | Fishing Ship |
| 5:33 | Crear | Villager (Male) |
| 5:46 | Construir | House |
| 5:47 | Construir | House |
| 5:56 | Crear | Fishing Ship |
| 5:59 | Crear | Villager (Male) |
| 6:00 | Crear | Villager (Male) |
| 6:14 | Construir | House |
| 6:17 | Investigar | Loom |
| 6:23 | Crear | Villager (Male) |
| 6:44 | Crear | Villager (Male) |
| 7:01 | Crear | Villager (Male) |
| 7:05 | Crear | Fishing Ship |
| 7:09 | Construir | Palisade Wall |
| 7:10 | Crear | Villager (Male) |
| 7:22 | Crear | Villager (Male) |
| 7:31 | Crear | Villager (Male) |
| 7:45 | Construir | Mining Camp |
| 8:11 | Crear | Villager (Male) |
| 8:29 | Crear | Villager (Male) |
| 8:32 | Construir | House |
| 8:55 | Investigar | Feudal Age |
| 9:07 | Construir | House |
| 9:26 | Construir | Dock |
| 9:29 | Construir | Palisade Wall |
| 9:31 | Construir | Palisade Wall |
| 9:53 | Construir | Palisade Wall |
| 10:08 | Crear | Villager (Male) |
| 10:21 | Crear | Fishing Ship |
| 10:52 | Crear | Villager (Male) |
| 11:12 | Crear | Fishing Ship |
| 11:23 | Edad | Edad Feudal |
| 11:23 | Crear | Villager (Male) |
| 11:30 | Crear | Unit 2626 |
| 11:30 | Crear | Unit 2626 |
| 11:45 | Crear | Villager (Male) |
| 12:20 | Crear | Villager (Male) |
| 12:24 | Crear | Demolition Raft |
| 12:24 | Crear | Demolition Raft |
| 12:26 | Crear | Villager (Male) |
| 12:31 | Construir | House |
| 12:47 | Crear | Villager (Male) |
| 12:55 | Crear | Demolition Raft |
| 12:56 | Crear | Demolition Raft |
| 13:00 | Crear | Fishing Ship |
| 13:00 | Crear | Fishing Ship |
| 13:07 | Construir | Mill |
| 13:25 | Crear | Fire Galley |
| 13:27 | Crear | Villager (Male) |
| 13:31 | Construir | House |
| 13:33 | Crear | Villager (Male) |
| 13:56 | Crear | Villager (Male) |
| 14:02 | Construir | Palisade Gate |
| 14:14 | Construir | House |
| 14:19 | Crear | Fire Galley |
| 14:22 | Crear | Villager (Male) |
| 14:30 | Crear | Galley |
| 14:30 | Crear | Galley |
| 14:32 | Crear | Villager (Male) |
| 14:47 | Construir | Barracks |
| 14:52 | Crear | Villager (Male) |
| 14:54 | Crear | Fishing Ship |
| 14:55 | Crear | Fishing Ship |
| 15:04 | Construir | Blacksmith |
| 15:13 | Crear | Villager (Male) |
| 15:14 | Crear | Villager (Male) |
| 15:14 | Crear | Villager (Male) |
| 15:14 | Crear | Villager (Male) |
| 15:14 | Crear | Villager (Male) |
| 15:15 | Crear | Villager (Male) |
| 15:15 | Crear | Villager (Male) |
| 15:18 | Construir | Mill |
| 15:39 | Construir | Watch Tower |
| 15:54 | Investigar | Fletching |
| 16:08 | Construir | Dock |
| 16:16 | Construir | Archery Range |
| 16:58 | Investigar | Castle Age |
| 17:01 | Construir | House |
| 17:02 | Construir | House |
| 17:31 | Crear | Galley |
| 17:31 | Crear | Galley |
| 17:50 | Investigar | Padded Archer Armor |
| 17:52 | Crear | Skirmisher |
| 17:52 | Crear | Skirmisher |
| 18:07 | Construir | Archery Range |
| 18:29 | Crear | Demolition Raft |
| 18:32 | Crear | Demolition Raft |
| 18:33 | Crear | Demolition Raft |
| 18:39 | Crear | Fishing Ship |
| 18:39 | Crear | Fishing Ship |
| 18:43 | Construir | House |
| 18:46 | Crear | Villager (Male) |
| 19:15 | Construir | Dock |
| 19:23 | Crear | Skirmisher |
| 19:23 | Crear | Skirmisher |
| 19:24 | Crear | Skirmisher |
| 19:38 | Edad | Edad de los Castillos |
| 19:39 | Crear | Galley |
| 19:55 | Construir | Town Center |
| 20:05 | Investigar | War Galley (upgrade) |
| 20:06 | Investigar | War Galley (upgrade) |
| 20:07 | Crear | Villager (Male) |
| 20:14 | Crear | Villager (Male) |
| 20:22 | Investigar | Bodkin Arrow |
| 20:23 | Crear | Villager (Male) |
| 20:31 | Crear | Fire Galley |
| 20:31 | Crear | Fire Galley |
| 20:34 | Crear | Villager (Male) |
| 20:52 | Crear | Fishing Ship |
| 20:52 | Crear | Fishing Ship |
| 20:59 | Crear | Villager (Male) |
| 20:59 | Crear | Villager (Male) |
| 21:00 | Crear | Villager (Male) |
| 21:08 | Crear | Fire Galley |
| 21:12 | Crear | Villager (Male) |
| 21:24 | Crear | Villager (Male) |
| 21:31 | Crear | Fishing Ship |
| 21:32 | Crear | Fishing Ship |
| 21:45 | Crear | Galley |
| 21:49 | Crear | Villager (Male) |
| 21:55 | Crear | Fishing Ship |
| 21:55 | Crear | Fishing Ship |
| 22:02 | Crear | Fire Galley |
| 22:06 | Investigar | Elite Skirmisher (upgrade) |
| 22:08 | Crear | Skirmisher |
| 22:09 | Crear | Skirmisher |
| 22:09 | Crear | Skirmisher |
| 22:09 | Crear | Skirmisher |
| 22:26 | Construir | House |
| 22:35 | Crear | Skirmisher |
| 22:37 | Construir | House |
| 22:38 | Construir | House |
| 22:49 | Crear | Villager (Male) |
| 22:49 | Crear | Villager (Male) |
Build order — Happy :-)
Primeras 150 de 524 acciones detectadas
| 0:00 | Crear | Villager (Male) |
| 0:00 | Crear | Villager (Male) |
| 0:01 | Crear | Villager (Male) |
| 0:01 | Crear | Villager (Male) |
| 0:02 | Construir | House |
| 0:05 | Construir | House |
| 1:23 | Crear | Villager (Male) |
| 1:23 | Crear | Villager (Male) |
| 1:53 | Crear | Villager (Male) |
| 2:06 | Crear | Villager (Male) |
| 2:16 | Construir | Lumber Camp |
| 2:48 | Crear | Villager (Male) |
| 2:54 | Crear | Villager (Male) |
| 3:26 | Construir | House |
| 3:34 | Crear | Villager (Male) |
| 4:05 | Crear | Villager (Male) |
| 4:16 | Crear | Villager (Male) |
| 4:34 | Crear | Villager (Male) |
| 4:40 | Construir | Dock |
| 4:46 | Crear | Villager (Male) |
| 5:08 | Construir | House |
| 5:18 | Crear | Fishing Ship |
| 5:22 | Crear | Villager (Male) |
| 5:32 | Construir | House |
| 5:35 | Construir | House |
| 5:37 | Crear | Villager (Male) |
| 5:38 | Crear | Villager (Male) |
| 5:59 | Crear | Fishing Ship |
| 6:15 | Crear | Villager (Male) |
| 6:42 | Crear | Villager (Male) |
| 6:51 | Construir | House |
| 7:18 | Crear | Villager (Male) |
| 7:24 | Crear | Fishing Ship |
| 7:24 | Crear | Fishing Ship |
| 7:35 | Construir | Palisade Wall |
| 7:36 | Construir | Palisade Wall |
| 7:39 | Construir | House |
| 7:42 | Construir | Palisade Wall |
| 7:49 | Crear | Villager (Male) |
| 8:08 | Construir | Dock |
| 8:11 | Construir | Palisade Wall |
| 8:12 | Construir | Palisade Wall |
| 8:38 | Investigar | Loom |
| 8:47 | Investigar | Feudal Age |
| 8:50 | Construir | Mill |
| 9:01 | Crear | Fishing Ship |
| 9:04 | Crear | Fishing Ship |
| 9:26 | Crear | Fishing Ship |
| 9:39 | Construir | Mining Camp |
| 9:51 | Crear | Fishing Ship |
| 10:13 | Crear | Villager (Male) |
| 10:13 | Crear | Villager (Male) |
| 10:15 | Crear | Fishing Ship |
| 10:32 | Construir | House |
| 10:48 | Crear | Fishing Ship |
| 11:20 | Edad | Edad Feudal |
| 11:27 | Construir | Market |
| 11:37 | Construir | Blacksmith |
| 12:01 | Crear | Fishing Ship |
| 12:08 | Investigar | Double-Bit Axe |
| 12:39 | Investigar | Castle Age |
| 12:51 | Crear | Unit 2626 |
| 12:59 | Construir | Mining Camp |
| 13:08 | Construir | Mining Camp |
| 13:16 | Construir | House |
| 13:17 | Construir | Palisade Wall |
| 13:26 | Crear | Fishing Ship |
| 13:40 | Investigar | Stone Mining |
| 13:59 | Crear | Unit 2626 |
| 14:18 | Investigar | Gold Mining |
| 15:00 | Crear | Villager (Male) |
| 15:19 | Edad | Edad de los Castillos |
| 15:25 | Construir | Town Center |
| 15:33 | Crear | Villager (Male) |
| 16:47 | Crear | Villager (Male) |
| 16:48 | Crear | Villager (Male) |
| 16:48 | Crear | Villager (Male) |
| 16:49 | Crear | Villager (Male) |
| 16:49 | Crear | Villager (Male) |
| 16:52 | Crear | Villager (Male) |
| 16:52 | Crear | Villager (Male) |
| 17:02 | Construir | Castle |
| 17:17 | Crear | Villager (Male) |
| 17:17 | Crear | Villager (Male) |
| 17:21 | Investigar | Bow Saw |
| 17:29 | Crear | Villager (Male) |
| 17:30 | Crear | Villager (Male) |
| 17:30 | Crear | Villager (Male) |
| 17:55 | Crear | Villager (Male) |
| 18:00 | Construir | Town Center |
| 18:13 | Crear | Longbowman |
| 18:14 | Crear | Longbowman |
| 18:22 | Crear | Villager (Male) |
| 18:28 | Crear | Longbowman |
| 18:29 | Investigar | Fletching |
| 18:40 | Construir | Lumber Camp |
| 18:50 | Construir | Farm |
| 18:52 | Construir | Farm |
| 18:53 | Crear | Villager (Male) |
| 19:01 | Crear | Villager (Male) |
| 19:02 | Crear | Villager (Male) |
| 19:07 | Crear | Longbowman |
| 19:07 | Crear | Longbowman |
| 19:24 | Crear | Villager (Male) |
| 19:24 | Crear | Villager (Male) |
| 19:34 | Crear | Villager (Male) |
| 19:35 | Crear | Villager (Male) |
| 19:41 | Crear | Villager (Male) |
| 19:42 | Crear | Villager (Male) |
| 19:48 | Crear | Longbowman |
| 19:51 | Construir | Farm |
| 19:54 | Construir | Farm |
| 19:55 | Construir | Farm |
| 19:59 | Construir | Farm |
| 20:01 | Construir | Farm |
| 20:03 | Construir | Farm |
| 20:04 | Crear | Villager (Male) |
| 20:07 | Construir | Farm |
| 20:10 | Construir | Farm |
| 20:15 | Investigar | Horse Collar |
| 20:19 | Crear | Villager (Male) |
| 20:19 | Crear | Villager (Male) |
| 20:19 | Crear | Villager (Male) |
| 20:25 | Crear | Villager (Male) |
| 20:29 | Construir | Monastery |
| 20:33 | Construir | Farm |
| 20:35 | Construir | Farm |
| 20:38 | Construir | Farm |
| 20:40 | Crear | Villager (Male) |
| 20:45 | Crear | Villager (Male) |
| 20:48 | Construir | Farm |
| 21:00 | Crear | Longbowman |
| 21:00 | Crear | Longbowman |
| 21:03 | Construir | Farm |
| 21:05 | Crear | Villager (Male) |
| 21:06 | Construir | Farm |
| 21:08 | Construir | Farm |
| 21:09 | Crear | Villager (Male) |
| 21:19 | Investigar | Bodkin Arrow |
| 21:22 | Crear | Monk |
| 21:22 | Crear | Monk |
| 21:29 | Crear | Longbowman |
| 21:32 | Crear | Villager (Male) |
| 21:34 | Construir | Farm |
| 21:37 | Construir | Farm |
| 21:45 | Crear | Villager (Male) |
| 21:46 | Crear | Villager (Male) |
| 21:46 | Crear | Villager (Male) |
| 21:47 | Investigar | Heavy Plow |
| 21:51 | Construir | Farm |
Cronología de la partida
| 3:42 | Ie cuack · wall_segment Palisade Wall x1 |
| 4:25 | Ie cuack · first_building Dock |
| 4:40 | Happy :-) · first_building Dock |
| 7:09 | Ie cuack · wall_segment Palisade Wall x5 |
| 7:35 | Happy :-) · wall_segment Palisade Wall x1 |
| 7:36 | Happy :-) · wall_segment Palisade Wall x1 |
| 7:42 | Happy :-) · wall_segment Palisade Wall x1 |
| 8:11 | Happy :-) · wall_segment Palisade Wall x1 |
| 8:12 | Happy :-) · wall_segment Palisade Wall x1 |
| 9:29 | Ie cuack · wall_segment Palisade Wall x1 |
| 9:31 | Ie cuack · wall_segment Palisade Wall x1 |
| 9:53 | Ie cuack · wall_segment Palisade Wall x13 |
| 11:20 | Happy :-) · age_up feudal |
| 11:23 | Ie cuack · age_up feudal |
| 13:17 | Happy :-) · wall_segment Palisade Wall x1 |
| 14:47 | Ie cuack · first_building Barracks |
| 15:19 | Happy :-) · age_up castle |
| 16:16 | Ie cuack · first_building Archery Range |
| 17:02 | Happy :-) · first_building Castle |
| 19:38 | Ie cuack · age_up castle |
| 20:18 | Happy :-) · first_market_buy 100 food |
| 20:29 | Happy :-) · first_building Monastery |
| 25:57 | Ie cuack · first_building Monastery |
| 26:40 | Happy :-) · first_building Siege Workshop |
| 29:03 | Ie cuack · first_building Stable |
| 30:24 | Happy :-) · age_up imperial |
| 30:59 | Ie cuack · first_building Castle |
| 31:32 | Ie cuack · age_up imperial |
| 31:44 | Happy :-) · first_building Barracks |
| 32:03 | Ie cuack · first_market_sell 100 stone |
| 32:12 | Happy :-) · first_building Archery Range |
| 33:13 | Ie cuack · first_building Siege Workshop |
| 34:03 | Ie cuack · first_market_buy 100 wood |
| 34:09 | Happy :-) · first_building Stable |
| 41:57 | Happy :-) · first_market_sell 500 food |
| 50:37 | Ie cuack · resign |
[ ANÁLISIS IA · 1 CRÉDITO ]
¿Qué pasó realmente en esta partida?
Wolo.gg analiza cada decisión: build order, eco, micro, errores típicos por bracket. Análisis personalizado por WhatsApp o Discord en 30 segundos.
Guía civ
Birmanos
Perfil
Ie cuack